 Dungeon Crawl Stone Soup version 0.30-a0-313-gae38170b09 (webtiles) character file.

Game seed: 13381674650477851398

107 Bnni the Shield-Bearer (level 4, -2/24 HPs)
             Began as a Vine Stalker Fighter on Oct 26, 2022.
             Blown up by Ijyb (10 damage)
             ... with a mindburst bolt
             ... on level 3 of the Dungeon.
             The game lasted 00:02:57 (2029 turns).

Bnni the Shield-Bearer (Vine Stalker Fighter)       Turns: 2029, Time: 00:02:57

Health: -2/24      AC: 11    Str: 19    XL:     4   Next: 86%
Magic:  0/5        EV:  6    Int:  8    God:
Gold:   199        SH:  6    Dex: 21    Spells: 3/3 levels left

rFire   . . .      SeeInvis .    a - +0 rapier
rCold   . . .      Faith    .    c - +0 buckler
rNeg    . . .      Spirit   +    e - +0 chain mail
rPois   .          Reflect  .    m - +0 helmet
rElec   .          Harm     .    (no cloak)
rCorr   .          Rampage  .    f - +0 pair of gloves
Will    .....                    (no boots)
Stlth   ..........               (no amulet)
HPRegen 1.04/turn                g - +6 ring of dexterity
MPRegen 0.09/turn                (no ring)

@: no status effects
A: fangs 2, regeneration 1, magic shield, antimagic bite, no potion heal 2
a: no special abilities


You were on level 3 of the Dungeon.
You visited 1 branch of the dungeon, and saw 3 of its levels.

You collected 199 gold pieces.

Inventory:

Hand Weapons
 a - a +0 rapier (weapon)
Armour
 c - a +0 buckler (worn)
 e - a +0 chain mail (worn)
 f - a +0 pair of gloves (worn)
 m - a +0 helmet (worn)
Jewellery
 g - a +6 ring of dexterity (left hand)
Scrolls
 h - 4 scrolls of identify {unknown}
 l - a scroll of vulnerability {unknown}
Potions
 b - 2 potions of curing {unknown}
 d - a potion of might
 i - 2 potions of heal wounds {unknown}
 j - a potion of mutation {unknown}
 k - a potion of haste {unknown}


   Skills:
 + Level 3.2 Fighting
 * Level 3.1 Short Blades
 - Level 2.4 Armour
 * Level 3.7 Shields


You had 3 spell levels left.
You didn't know any spells.
Your spell library contained the following spells:

 Spells                   Type           Power      Damage    Failure   Level
 Cigotuvi's Dreadful Rot  Necr/Pois/Air  0%         N/A       100%        2
 Poisonous Vapours        Pois/Air       0%         N/A       100%        2
 Call Canine Familiar     Summ           0%         N/A       100%        3
 Mephitic Cloud           Conj/Pois/Air  0%         N/A       100%        3
 Portal Projectile        Hex/Tloc       0%         N/A       100%        3
 Leda's Liquefaction      Hex/Erth       0%         N/A       100%        4


Dungeon Overview and Level Annotations

Branches:
Dungeon (3/15)

Altars:
Cheibriados

Annotations:
D:3 Ijyb


Innate Abilities, Weirdness & Mutations

You have extremely sharp teeth.
Your natural rate of healing is unusually fast.
When hurt, damage is shared between your health and your magic reserves.
Your bite disrupts and absorbs the magic of your enemies.
Potions cannot restore your health.


Message History

Found a ring mail.
The bat hits you but does no damage. The bat hits you but does no damage.
You block the bat's attack.
You miss the bat. You bite the bat.
You kill the bat!
No target in view!
An orc comes into view. It is wielding a +0 flail.
The orc shouts!
An orc is nearby!
The orc hits you but does no damage.
You barely miss the orc. Your bite misses the orc. You block the orc's attack.
You hit the orc but do no damage. The orc hits you but does no damage.
You hit the orc but do no damage. The orc hits you but does no damage.
You hit the orc.
The orc is lightly wounded.
The orc hits you but does no damage.
You hit the orc but do no damage. The orc hits you with a +0 flail.
You hit the orc. Your bite misses the orc.
The orc is severely wounded.
The orc hits you with a +0 flail.
You hit the orc.
You kill the orc!
No target in view!
You see here a bat corpse.
Ijyb the Twisted Goblin comes into view.
She is wielding a +0 dagger and carrying a wand of mindburst (18).
Ijyb shouts!
Ijyb screams, "I dance on your bones!"
Ijyb zaps a wand.
Your mind is blasted!
You barely miss Ijyb.
Ijyb grins evilly.
Ijyb zaps a wand.
Your mind is blasted!
Ouch! That really hurt!
* * * LOW HITPOINT WARNING * * *
Ijyb zaps a wand.
You struggle to resist.
You are too injured to fight recklessly!
You have nothing you can fire or use right now.
You closely miss Ijyb. You bite Ijyb. You drain her power.
You feel invigorated.
Ijyb is moderately wounded.
Ijyb zaps a wand.
Your mind is blasted!
You die...

....#...## ##.# .##.##.## #.#
..#.#...## ###############.#
#.....#..# #...............#
##...###.# #.#.........###.#
#.....#..# #.#..#####..# #.#
..#.#....# #.#..#($/#..# #.#
.##.####.# ##.#g.#)$$#..# #.#
###.####.####..#@.#$?[#..###.#
...........#..##..#####......#
.........†...................#
#.#.#.#.##.#.###..........####
...[....##.### ##.#######.#
#.#)#.#.##.# #.# ##.##
........##.# #.######...##
#.#.#.#.##.######........#..#
........#.......<...####...##


You could see Ijyb.

Vanquished Creatures
  Robin (D:3)
  3 adders
  A worm (D:2)
  4 orcs (D:3)
  8 endoplasms
  A giant cockroach (D:2)
  13 goblins
  7 hobgoblins
  2 quokkas
  A ball python (D:3)
  4 bats
  4 frilled lizards
  4 kobolds
  3 rats
56 creatures vanquished.

Vanquished Creatures (others)
  A demonic plant (D:1)
  6 plants
  A withered plant (D:1)
8 creatures vanquished.

Grand Total: 64 creatures vanquished

Notes
Turn   | Place    | Note
-------+----------+-------------------------------------------
     0 | D:1      | Bnni the Vine Stalker Fighter began the quest for the Orb.
     0 | D:1      | Reached XP level 1. HP: 11/11 MP: 2/2
   149 | D:1      | Reached XP level 2. HP: 14/16 MP: 1/3
   415 | D:1      | Found a faded altar of an unknown god.
   824 | D:2      | Reached XP level 3. HP: 16/19 MP: 4/4
  1231 | D:2      | Found a snail-covered altar of Cheibriados.
  1718 | D:3      | Gained mutation: Your natural rate of healing is unusually
                  | fast. [Vine Stalker growth]
  1718 | D:3      | Reached XP level 4. HP: 24/24 MP: 5/5
  1884 | D:3      | Noticed Robin
  1899 | D:3      | Killed Robin
  2025 | D:3      | Noticed Ijyb
  2029 | D:3      | Blown up by Ijyb

Illustrated notes

Levels and vault maps discovered:
D:1:      eino_arrival_water_star, layout_loops_ring,
          shapermc_ecumenical_altar_flowoftime, dreamdust_princess_corridor
D:2:      layout_loops_ring, basic_altar, serial_forest,
          infiniplex_forest_lined_3_way, infiniplex_forest_clump_large,
          infiniplex_forest_clump_cross, infiniplex_forest_lined_2,
          infiniplex_forest_corner_2, infiniplex_forest_straight_4,
          infiniplex_forest_clump_small, infiniplex_forest_clump_diagonal
D:3:      layout_loops_ring, serial_glass, glass_columns_c, glass_columns_c,
          due_unseen_surprise, minmay_strange_pillars, minmay_strange_pillars,
          minmay_strange_pillars, grunt_ministairs_15, roderic_batcave,
          uniq_ijyb, uniq_robin

Skill      XL: |  1  2  3  4 |
---------------+-------------+-----
Short Blades   | 2 3 |  3.1
Shields        | 3 |  3.7
Fighting       | 3 |  3.2
Armour         | |  2.4

Action                   |  1- 3 |  4- 6 || total
-------------------------+-------+-------++-------
Melee: Rapier            |   111 |    69 ||   180
       Bite              |    27 |    18 ||    45
  Use: Potion            |       |     1 ||     1
Armor: Scale mail        |    11 |       ||    11
       Chain mail        |    33 |    48 ||    81
Dodge: Dodged            |    18 |    18 ||    36
Block: Buckler           |    13 |    21 ||    34

Table legend: (Time is in decaauts)
 A = Elapsed time spent in this place.
 B = Non-inter-level travel time spent in this place.
 C = Inter-level travel time spent in this place.
 D = Time resting spent in this place.
 E = Time spent auto-exploring this place.
 F = Levels seen in this place.
 G = Mean time per level.
                   A        B        C        D        E       F      G
               +--------+--------+--------+--------+--------+-----+--------+
         Total |   2049 |   1954 |     95 |      0 |   1535 |   3 |  683.0 |
       Dungeon |   2049 |   1954 |     95 |      0 |   1535 |   3 |  683.0 |
               +--------+--------+--------+--------+--------+-----+--------+

Top non-repeatable levels by time:
     D:2: 837 daAuts
     D:1: 817 daAuts
     D:3: 394 daAuts
